 Dungeon Crawl Stone Soup version 0.21-a0-404-g291f19a (webtiles) character file.

64 Mamutox the Cudgeler (level 3, -3/34 HPs)
             Began as a Minotaur Chaos Knight on Oct 31, 2017.
             Slain by a wolf (4 damage)
             ... on level 2 of the Dungeon.
             The game lasted 00:04:40 (1322 turns).

Mamutox the Cudgeler (Minotaur Chaos Knight)        Turns: 1322, Time: 00:04:41

Health: -3/34      AC:  5    Str: 16    XL:     3   Next: 91%
Magic:  2/2        EV: 11    Int:  9    God:    Xom [...*..]
Gold:   59         SH:  0    Dex: 10    Spells: 2/2 levels left

rFire    . . .     SeeInvis .   a - +0 mace (chaos)
rCold    + . .     Gourm    .   (no shield)
rNeg     . . .     Faith    .   b - +2 leather armour
rPois    .         Spirit   .   (helmet restricted)
rElec    .         Reflect  .   (no cloak)
rCorr    .         Harm     .   (no gloves)
MR       .....     Clarity  +   (no boots)
Stlth    +.........             (no amulet)
HPRegen  0.11/turn              (no ring)
MPRegen  0.08/turn              (no ring)

@: no status effects
A: retaliatory headbutt, claws 1, horns 2, clarity, cold resistance 1, sense
surroundings 1
a: Renounce Religion


You were on level 2 of the Dungeon.
You worshipped Xom.
You were a favourite toy of Xom.
You were not hungry.

You visited 1 branch of the dungeon, and saw 2 of its levels.

You collected 59 gold pieces.

Inventory:

Hand Weapons
 a - a +0 mace of chaos (weapon)
Missiles
 n - 18 poisoned needles
Armour
 b - a +2 leather armour (worn)
 k - a +0 ring mail
Scrolls
 e - a scroll of random uselessness {unknown}
 f - a scroll of blinking {unknown}
 h - a scroll of fear {unknown}
 i - a scroll of amnesia {unknown}
 j - a scroll of identify {unknown}
Potions
 d - 3 potions of flight {unknown}
 g - a potion of brilliance {unknown}
 l - a potion of degeneration {unknown}
 m - a potion of heal wounds {unknown}
Comestibles
 c - a bread ration


   Skills:
 + Level 4.6 Fighting
 + Level 4.6 Maces & Flails
 + Level 3.0 Armour
 + Level 1.4 Dodging


You had 2 spell levels left.
You didn't know any spells.

Dungeon Overview and Level Annotations

Branches:
Dungeon (2/15)

Altars:


Innate Abilities, Weirdness & Mutations

You reflexively headbutt those who attack you in melee.
You have a pair of horns on your head.
You have sharp fingernails.
You possess an exceptional clarity of mind.
Your flesh is cold resistant. (rC+)
You passively map a small area around you.


Message History

The scorpion is lightly wounded. "This might be better!"
The scorpion evaporates and reforms as a wolf!
The wolf bites you! The wolf closely misses you.
You hit the wolf.
The wolf is moderately wounded.
The wolf bites you. x2
You miss the wolf.
The wolf is moderately wounded.
The wolf bites you but does no damage. The wolf barely misses you.
You completely miss the wolf. Your headbutt misses the wolf.
The wolf is moderately wounded.
The wolf bites you but does no damage. The wolf bites you.
* * * LOW HITPOINT WARNING * * *
You thump the wolf! You burn the wolf.
The wolf is almost dead.
The wolf bites you.
* * * LOW HITPOINT WARNING * * *
The wolf bites you.
You die...

* #.# #...# , #.#
#...#** ,
#.####...###
#........... ,,
#######*
######...###
....)..* #####
....... ......†###
######## ......h@.#
#......####
.......#.#
#..........
########.###
#.......... #.....#
#.......... #.....#
#..........
#.....###..........
#......†...........
#.....###..........
#.....# #..........


You could see a wolf.

Vanquished Creatures
  2 adders (D:2)
  A worm (D:2)
  4 dart slugs (D:1)
  3 leopard geckos (D:2)
  4 bats
  A giant cockroach (D:2)
  A goblin (D:2)
  4 hobgoblins
  2 jackals (D:2)
  7 kobolds
  A quokka (D:2)
  A frilled lizard (D:1)
  A rat (D:1)
32 creatures vanquished.

Notes
Turn   | Place    | Note
-------+----------+-------------------------------------------
     0 | D:1      | Mamutox the Minotaur Chaos Knight began the quest for the Orb.
     0 | D:1      | Reached XP level 1. HP: 19/19 MP: 0/0
     6 | D:1      | Noticed an iguana
     6 | D:1      | Noticed a tyrant leech
     6 | D:1      | Noticed a worker ant
     7 | D:1      | Noticed a fire giant
   122 | D:1      | Reached XP level 2. HP: 27/27 MP: 1/1
   157 | D:1      | XOM: mild Summ miscast
   208 | D:1      | XOM: mild Tmut miscast
   590 | D:1      | XOM: divination: detect items
   829 | D:1      | XOM: give mutations
   829 | D:1      | Gained mutation: You possess an exceptional clarity of mind. [Xom's grace]
   829 | D:1      | Gained mutation: You have sharp fingernails. [Xom's grace]
   829 | D:1      | Gained mutation: You passively map a small area around you. [Xom's grace]
   829 | D:1      | Gained mutation: Your flesh is cold resistant. (rC+) [Xom's grace]
  1020 | D:2      | Reached XP level 3. HP: 31/33 MP: 2/2
  1310 | D:2      | Noticed a scorpion
  1318 | D:2      | Noticed a wolf
  1318 | D:2      | a scorpion changed into a wolf
  1318 | D:2      | XOM: polymorph scorpion -> wolf
  1322 | D:2      | HP: 1/34 [wolf (5)]
  1322 | D:2      | Slain by a wolf

Vault maps used:
D:1:      onia_arrival_zoo_common
D:2:      overflow_temple_1_default, minmay_rat_gold_closets, uniq_jessica

Skill      XL: |  1  2  3 |
---------------+----------+-----
Maces & Flails | 4 |  4.6
Fighting       | 4 |  4.6
Armour         | 3 |  3.0
Dodging        | |  1.4

Action                   || total
-------------------------++-------
Melee: Mace              ||    59
       Headbutt          ||     6
  Eat: Chunk             ||     1
Armor: Leather armour    ||    29
Dodge: Dodged            ||    51

Table legend:
 A = Spawn XP
 B = Non-spawn XP
 C = Spawn XP percentage of total XP
 D = Spawn monster count
 E = Non-spawn monster count
 F = Spawn count percentage of total count
 G = Total turns spent on level
                    A         B        C        D         E        F      G
               +---------+---------+-------+---------+---------+-------+---------
         Total |       0 |      92 |   0.0 |       0 |      32 |   0.0 |  1322
               +---------+---------+-------+---------+---------+-------+---------
           D:1 |       0 |      34 |   0.0 |       0 |      16 |   0.0 |  1010
           D:2 |       0 |      58 |   0.0 |       0 |      16 |   0.0 |   312
               +---------+---------+-------+---------+---------+-------+---------
